Map: Invader LE

Players

Mindele - Winner!

  • Race: Terran Terran
  • League: Silver

July

  • Race: Terran Terran
  • League: Bronze

VOD

Have the link to the VOD?

Description

Time

  • Played on: May 18, 2016, 2:42 p.m.
  • Length: 5:47
Show
View Real Time Build Order
Export as new Build Order

Mindele Terran - Winner!

Build Orders:  

Get SALT Encoding   

  12  0:01  SCV  
  13  0:13  SCV  
  14  0:18  Supply Depot  
  14  0:26  SCV  
  15  0:40  SCV  
  16  0:43  Barracks  
  16  0:52  SCV  
  16  0:56  Barracks  
  17  1:04  SCV  
  18  1:12  Barracks  
  18  1:16  SCV  
  19  1:28  SCV  
  19  1:32  Marine  
  21  1:41  Supply Depot  
  21  1:43  Orbital Command  
  21  1:50  Marine  
  21  1:52  Marine  
  23  2:02  Marine  
  23  2:08  Barracks  
  24  2:12  Supply Depot  
  24  2:14  Marine  
  25  2:17  Marine  
  26  2:30  Marine  
  26  2:34  Marine  
  28  2:37  Supply Depot  
  28  2:43  Marine, Barracks  
  29  2:48  Marine  
  30  2:57  Marine  
  30  2:58  Marine  
  32  2:59  Barracks  
  32  3:03  Supply Depot  
  32  3:09  Marine x2  
  34  3:19  Marine  
  33  3:20  Marine  
  35  3:27  Marine x2  
  35  3:30  Marine  
  35  3:32  Supply Depot  
  38  3:37  Marine x2  
  40  3:45  Marine x2  
  42  3:49  Marine x2  
  42  3:55  Marine x2, Supply Depot  
  44  4:02  Marine  
  46  4:09  Marine x2  
  49  4:17  Supply Depot  
  36  4:47  Marine x4  
  38  4:58  Marine x2  
  40  5:05  Marine x3  
  40  5:18  Marine x2  
  36  5:24  Marine  
  36  5:25  Marine x3  
Show
View Real Time Build Order
Export as new Build Order

July Terran 

Build Orders:  

Get SALT Encoding   

  12  0:01  SCV  
  13  0:14  SCV  
  14  0:21  Supply Depot  
  14  0:26  SCV  
  15  0:42  SCV  
  16  0:50  Barracks  
  16  0:59  SCV  
  17  1:28  SCV  
  18  1:38  Marine  
  19  1:42  SCV  
  19  1:47  Supply Depot  
  20  2:05  Barracks  
  20  2:06  Barracks  
  20  2:12  Marine  
  20  2:13  SCV  
  20  2:14  Barracks  
  22  2:17  Supply Depot  
  22  2:28  SCV  
  23  2:30  Marine  
  24  2:47  Supply Depot  
  24  2:48  Marine, SCV  
  26  3:13  Marine x4  
  30  3:20  Barracks x2  
  30  3:24  Supply Depot  
  30  3:31  Marine x4  
  34  3:40  Engineering Bay  
  34  3:49  Marine x4  
  38  4:06  Marine x2  
  38  4:07  Marine x2  
  42  4:20  Marine x2  
  43  4:24  Marine x3  
  43  4:25  Marine  
  36  4:38  Marine x2  
  32  4:42  Marine x4  
  33  4:56  Marine  
Tags
 
Add a new tag
Caveats
  • Supply blocks, unpowered buildings, or Contaminate may cause inaccurate times.
  • Supply counts are checked every 10 seconds.